Map: Submarine LE

Players

SpeCial

  • Race: Terran Terran
  • League: Master
  • Spawn Location: 5:00

Cham - Winner!

  • Race: Zerg Zerg
  • League: Grandmaster
  • Spawn Location: 11:00

Event: DreamHack SC2 Masters 2020 Fall

VOD

Have the link to the VOD?

Description

Time

  • Played on: Aug. 29, 2020, 4:04 p.m.
  • Length: 12:48

All games in this series

Show
View Real Time Build Order
Export as new Build Order

SpeCial Terran 

Build Orders: Hellion Opening, Reaper Expand 

Get SALT Encoding   

  12  0:00  SCV  
  13  0:12  SCV  
  14  0:17  Supply Depot  
  14  0:24  SCV  
  15  0:39  SCV  
  15  0:40  Barracks  
  16  0:43  Refinery  
  16  0:51  SCV  
  17  1:03  SCV  
  18  1:15  SCV  
  19  1:27  Reaper, Orbital Command  
  20  1:39  Command Center  
  20  1:50  Supply Depot  
  20  1:53  SCV  
  21  1:59  Marine  
  22  2:03  Factory  
  22  2:06  SCV  
  23  2:10  Refinery  
  23  2:18  SCV  
  23  2:20  Barracks Reactor  
  24  2:30  SCV  
  25  2:42  SCV  
  25  2:43  Ghost Academy  
  26  2:52  Orbital Command  
  26  2:54  SCV  
  26  2:57  Starport  
  27  3:01  Hellion  
  27  3:03  Hellion  
  31  3:07  SCV  
  31  3:09  Barracks Tech Lab  
  32  3:18  SCV  
  34  3:20  SCV, Supply Depot  
  34  3:25  Hellion  
  36  3:29  Hellion  
  38  3:34  Ghost  
  38  3:38  SCV  
  38  3:39  SCV  
  42  3:43  Viking  
  44  3:49  Supply Depot  
  44  3:55  Hellion x2  
  48  3:58  SCV  
  48  3:59  SCV  
  50  4:05  Ghost  
  52  4:11  SCV  
  52  4:13  Supply Depot  
  53  4:17  SCV  
  53  4:19  Hellion  
  53  4:21  Hellion  
  53  4:23  SCV, Medivac  
  61  4:29  SCV  
  62  4:35  SCV, Marine  
  64  4:38  Supply Depot  
  64  4:41  SCV  
  64  4:43  Supply Depot  
  65  4:47  SCV  
  66  4:53  SCV  
  66  4:57  Marine  
  66  4:59  SCV  
  69  5:02  Command Center  
  69  5:06  SCV  
  69  5:11  SCV  
  69  5:15  Marine  
  69  5:21  Stimpack  
  70  5:26  Starport Reactor, Barracks  
  62  5:29  SCV  
  62  5:30  Factory Reactor  
  62  5:31  Barracks  
  62  5:33  Marine  
  62  5:34  SCV  
  59  5:37  Engineering Bay x2  
  59  5:41  SCV  
  60  5:46  SCV  
  61  5:50  Marine  
  61  5:52  Refinery x2  
  61  5:53  SCV  
  63  5:59  SCV  
  62  6:05  SCV, Terran Infantry Weapons Level 1, Terran Infantry Armor Level 1  
  62  6:08  Marine  
  64  6:13  SCV  
  64  6:15  Factory Tech Lab  
  64  6:17  SCV, Marine x2  
  68  6:19  Orbital Command  
  68  6:23  Barracks  
  68  6:25  Medivac, Liberator  
  70  6:26  Marine, Barracks  
  70  6:32  SCV x2, Marine  
  76  6:33  Marine  
  76  6:34  Supply Depot, Siege Tank  
  76  6:35  Marine  
  76  6:39  Marine  
  83  6:40  Orbital Command  
  83  6:44  SCV x2, Marine  
  87  6:50  Marine x2  
  87  6:53  Marine  
  89  6:56  SCV, Supply Depot, Marine  
  89  6:58  SCV  
  92  7:02  Marine  
  92  7:04  Combat Shield  
  92  7:08  SCV, Marine x2, Siege Tank  
  97  7:11  Marine  
  97  7:13  SCV x2, Medivac x2  
  97  7:14  Marine  
  107  7:17  Barracks Reactor  
  107  7:20  SCV, Marine  
  107  7:21  Supply Depot  
  109  7:25  SCV x2, Supply Depot  
  109  7:26  Supply Depot, Marine x2  
  109  7:28  Barracks Reactor, Marine  
  114  7:32  SCV  
  115  7:37  SCV x2  
  115  7:40  Armory  
  115  7:41  Supply Depot  
  115  7:43  Marine x2, Siege Tank  
  115  7:44  SCV, Marine x2  
  121  7:46  Marine  
  125  7:53  Medivac, Marine  
  125  7:54  Marine  
  129  8:01  Marine x2  
  129  8:02  Marine x2  
  129  8:03  Marine x2  
  129  8:04  Marine  
  133  8:11  Marine x2  
  135  8:19  Marine x4  
  131  8:21  Marine x2  
  131  8:22  Marine  
  131  8:29  Marine x2  
  131  8:32  Medivac x2, Siege Tank  
  138  8:36  Marine  
  138  8:37  Marine x3  
  138  8:39  SCV, Marine x2  
  138  8:40  Marine  
  143  8:46  Terran Infantry Weapons Level 2, Barracks  
  143  8:47  Barracks  
  142  8:50  Barracks  
  142  8:51  Missile Turret  
  142  8:54  Terran Infantry Armor Level 2  
  142  8:55  Supply Depot x2  
  142  8:56  Marine  
  142  8:58  Supply Depot, Missile Turret, Marine x3  
  142  9:02  SCV  
  145  9:05  Medivac  
  145  9:07  Refinery, Marine  
  145  9:08  Marine  
  149  9:16  Marine x7  
  156  9:21  Siege Tank  
  159  9:24  Medivac  
  159  9:25  Marine x2  
  161  9:33  Barracks Reactor x2  
  161  9:34  Marine x5  
  160  9:40  Marine x2  
  160  9:43  Marine x3  
  163  9:52  Marine  
  164  9:53  Siege Tank  
  164  9:54  Medivac  
  169  10:01  Marine x3  
  169  10:03  Marine  
  169  10:07  Missile Turret, Marine x4  
  173  10:08  Supply Depot  
  173  10:09  Marine  
  178  10:16  Medivac, Marine  
  181  10:26  Medivac, Marine x2  
  181  10:27  Marine x2  
  173  10:28  Marine  
  173  10:30  Siege Tank  
  173  10:34  Marine  
  173  10:35  Marine x7  
  176  10:36  Marine  
  176  10:42  SCV  
  176  10:43  SCV x2, Marine  
  176  10:44  Marine  
  176  10:45  Marine  
  181  10:58  Marine x2  
  181  10:59  Marine x2  
  181  11:01  SCV  
  181  11:02  Marine x2  
  181  11:10  Missile Turret  
  181  11:12  Barracks Reactor  
  181  11:14  Marine  
  181  11:21  SCV, Marine  
  181  11:25  Marine  
  181  11:26  Marine x2  
  181  11:27  Marine  
  181  11:28  SCV  
  181  11:38  SCV, Marine x4  
  181  11:39  Marine  
  180  11:47  Medivac  
  181  11:49  Marine x2  
  181  11:50  Medivac, Siege Tank  
  156  12:00  Marine x2  
  110  12:03  Marine x7  
  117  12:10  Marine x2  
  117  12:11  Marine  
  117  12:14  Marine x2  
  122  12:18  Marine x2  
  120  12:25  Marine x3  
Show
View Real Time Build Order
Export as new Build Order

Cham Zerg - Winner!

Build Orders: Hatch First, Muta Ling Bane 

Get SALT Encoding   

  12  0:00  Drone  
  13  0:09  Drone  
  14  0:17  Overlord  
  14  0:35  Drone x2  
  16  0:47  Hatchery  
  15  0:51  Drone  
  15  0:56  Drone  
  17  0:59  Drone  
  18  1:10  Extractor  
  17  1:14  Spawning Pool  
  17  1:17  Drone  
  17  1:20  Drone  
  18  1:29  Drone  
  19  1:41  Drone  
  20  1:51  Overlord  
  20  2:01  Queen x2  
  20  2:03  Zergling x4  
  26  2:10  Drone  
  26  2:13  Metabolic Boost  
  27  2:16  Drone  
  28  2:23  Drone  
  29  2:35  Hatchery  
  29  2:36  Drone  
  29  2:44  Queen  
  29  2:45  Drone  
  29  2:51  Overlord  
  32  2:55  Drone  
  32  2:58  Drone x2  
  35  3:02  Drone  
  36  3:11  Drone  
  36  3:12  Drone  
  38  3:13  Drone x3  
  38  3:15  Drone  
  38  3:19  Queen  
  44  3:33  Overlord  
  44  3:34  Overlord  
  44  3:40  Overlord  
  44  3:47  Drone  
  45  3:48  Zergling x2  
  45  3:49  Zergling x4  
  45  3:50  Drone x2  
  45  3:55  Drone  
  51  3:56  Queen, Drone, Baneling Nest  
  51  3:57  Drone x2  
  56  4:02  Drone  
  56  4:03  Drone  
  57  4:10  Drone x2  
  57  4:13  Overlord  
  57  4:15  Drone x2  
  57  4:16  Spore Crawler  
  60  4:18  Drone x3  
  60  4:20  Overlord  
  63  4:24  Overlord  
  63  4:26  Zergling x2  
  63  4:28  Zergling x2  
  63  4:29  Zergling x2  
  66  4:34  Zergling x2, Queen  
  66  4:38  Extractor  
  68  4:39  Lair  
  68  4:44  Zergling x8  
  71  4:45  Zergling x2  
  71  4:47  Zergling x4  
  71  4:48  Baneling x2  
  71  4:49  Baneling x2  
  71  4:51  Zergling x2  
  71  4:52  Baneling x2  
  75  4:53  Zergling x2  
  75  4:54  Zergling x2  
  75  4:59  Zergling x4  
  79  5:00  Zergling x2  
  79  5:02  Baneling  
  78  5:13  Drone x4  
  75  5:25  Drone x3  
  75  5:26  Drone x5  
  78  5:33  Extractor  
  73  5:38  Extractor x2  
  73  5:40  Drone x3  
  74  5:47  Drone x2  
  74  5:48  Drone  
  74  5:49  Extractor  
  76  5:50  Hatchery  
  76  5:55  Overlord  
  75  6:00  Overlord x2  
  75  6:01  Spire  
  75  6:03  Overlord x2  
  74  6:11  Overlord x2  
  74  6:14  Overlord  
  74  6:18  Queen x2  
  74  6:19  Overlord, Centrifical Hooks  
  74  6:21  Drone x2  
  74  6:22  Drone x3  
  83  6:26  Drone  
  83  6:30  Overseer  
  84  6:33  Overlord, Drone  
  84  6:34  Zergling x4  
  84  6:38  Zergling x4  
  89  6:41  Drone  
  89  6:42  Evolution Chamber  
  89  6:44  Evolution Chamber, Drone  
  89  6:46  Queen  
  91  6:52  Zergling x8  
  91  6:53  Zergling x2  
  96  6:59  Zergling x4  
  96  7:00  Zergling x4  
  100  7:04  Drone x3  
  100  7:07  Baneling x8  
  103  7:08  Zerg Ground Armor Level 1  
  103  7:09  Zerg Melee Weapons Level 1  
  103  7:11  Zergling x2  
  103  7:13  Drone  
  103  7:14  Drone x2  
  107  7:24  Extractor  
  107  7:25  Drone  
  107  7:26  Drone x3, Extractor  
  107  7:29  Zergling x12  
  115  7:33  Mutalisk x2  
  115  7:34  Mutalisk x2  
  122  7:42  Mutalisk x6  
  133  7:45  Zergling x2  
  134  7:54  Drone x3  
  137  7:59  Mutalisk x3  
  137  8:01  Zergling x4  
  145  8:08  Mutalisk  
  146  8:14  Mutalisk  
  146  8:15  Mutalisk  
  146  8:17  Drone x2  
  150  8:25  Overlord, Mutalisk  
  150  8:27  Overlord x4  
  150  8:29  Overlord  
  150  8:31  Overlord  
  150  8:36  Overlord x2  
  150  8:37  Zergling x2  
  151  8:43  Hatchery  
  151  8:44  Infestation Pit  
  147  8:49  Mutalisk x5  
  147  8:51  Zergling x6  
  147  8:53  Zergling x2  
  147  8:54  Overlord  
  161  8:56  Zergling x2  
  163  9:02  Zergling x2  
  163  9:03  Zergling x2  
  163  9:06  Hatchery  
  163  9:07  Zergling x2  
  163  9:08  Zergling x2  
  163  9:09  Zergling x4  
  167  9:11  Baneling x4  
  167  9:12  Zerg Ground Armor Level 2, Zerg Melee Weapons Level 2  
  167  9:15  Zergling x4  
  171  9:17  Pneumatized Carapace  
  171  9:19  Drone  
  171  9:20  Overseer  
  171  9:21  Zergling x4  
  171  9:23  Zergling x2  
  175  9:33  Zergling x2, Overlord  
  175  9:34  Zergling x8  
  175  9:37  Zergling x2  
  175  9:39  Zergling x2  
  175  9:40  Zergling x4  
  175  9:42  Hive  
  175  9:44  Overlord, Drone  
  175  9:45  Zergling x2, Drone  
  178  9:46  Zergling x4  
  178  9:49  Zergling x2  
  178  9:50  Zergling x12  
  179  9:54  Zergling x2  
  179  9:56  Zergling x4  
  179  9:57  Baneling  
  179  9:58  Baneling x12  
  179  9:59  Zergling x2  
  178  10:00  Zergling x2  
  178  10:03  Baneling x5  
  178  10:05  Drone  
  180  10:09  Drone x2  
  182  10:14  Drone x2  
  182  10:15  Zergling x4  
  182  10:16  Zergling x10  
  182  10:18  Zergling x2  
  178  10:31  Zergling x18  
  184  10:36  Zergling x6  
  184  10:42  Zergling x12  
  193  10:43  Zergling x4  
  193  10:46  Zergling x8  
  199  10:50  Baneling x11  
  199  10:55  Adrenal Glands  
  199  11:08  Baneling x4  
  199  11:09  Baneling x5  
  199  11:15  Mutalisk  
  199  11:16  Mutalisk x5  
  194  11:18  Zergling x4  
  194  11:19  Zergling x4  
  194  11:21  Drone x3  
  194  11:23  Drone x3  
  198  11:26  Drone x2  
  198  11:28  Baneling x4  
  198  11:29  Baneling x4  
  198  11:30  Zergling x2  
  200  11:36  Zergling x2  
  194  11:44  Zergling x4  
  196  11:49  Zergling x4  
  163  11:59  Zergling x10  
  163  12:00  Zergling x16  
  148  12:02  Zergling x8  
  148  12:06  Baneling x7  
  148  12:07  Zergling x2, Baneling x9  
  152  12:09  Zergling x2  
  152  12:13  Zergling x2  
  156  12:18  Baneling  
  150  12:23  Zergling x2  
  143  12:30  Zergling x2  
  143  12:31  Zergling x6  

Tags
 
Add a new tag
Caveats
  • Supply blocks, unpowered buildings, or Contaminate may cause inaccurate times.
  • Supply counts are checked every 10 seconds.